 Dungeon Crawl Stone Soup version 0.30-a0-777-ga9a30cbeda (webtiles) character file.

Game seed: 10282514081843838395

90 theswoord the Twirler (level 4, -7/33 HPs)
             Began as a Demonspawn Gladiator on Feb 13, 2023.
             Mangled by Terence
             ... wielding a +0 flail
              (8 damage)
             ... on level 3 of the Dungeon on Feb 14, 2023.
             The game lasted 00:04:45 (1625 turns).

theswoord the Twirler (Demonspawn Gladiator)        Turns: 1625, Time: 00:04:45

Health: -7/33      AC:  5    Str: 16    XL:     4   Next: 32%
Magic:  13/13      EV: 12    Int:  9    God:
Gold:   69         SH:  0    Dex: 17    Spells: 3/3 levels left

rFire   . . .      SeeInvis .    a - +0 quarterstaff
rCold   . . .      Faith    .    (shield currently unavailable)
rNeg    . . .      Spirit   .    b - +0 leather armour
rPois   .          Reflect  .    c - +1 helmet
rElec   .          Harm     .    (no cloak)
rCorr   .          Rampage  .    (no gloves)
Will    .....                    (no boots)
Stlth   ++                       (no amulet)
HPRegen 0.25/turn                k - ring of magical power
MPRegen 0.13/turn                (no ring)

@: no status effects
A: thin skeletal structure 1, ignite blood 1, demonic touch 1
a: no special abilities


You were on level 3 of the Dungeon.
You visited 1 branch of the dungeon, and saw 3 of its levels.

You collected 69 gold pieces.

Inventory:

Hand Weapons
 a - a +0 quarterstaff (weapon)
Missiles
 d - 2 throwing nets (quivered)
 e - a javelin
Armour
 b - a +0 leather armour (worn)
 c - a +1 helmet (worn)
Jewellery
 k - a ring of magical power (left hand)
 n - an amulet of reflection
Scrolls
 g - a scroll of noise {unknown}
 i - 2 scrolls of enchant armour
Potions
 f - a potion of lignification {unknown}
 h - a potion of cancellation {unknown}
 j - 2 potions of mutation {unknown}
 l - 2 potions of might
 m - 4 potions of ambrosia {unknown}
 o - a potion of haste {unknown}


   Skills:
 - Level 2.0 Fighting
 + Level 4.7 Staves
 - Level 1.7 Throwing
 - Level 2.6 Dodging


You had 3 spell levels left.
You didn't know any spells.
Your spell library contained the following spells:

 Spells                   Type           Power      Damage    Failure   Level
 Summon Small Mammal      Summ           0%         N/A       45%         1
 Call Canine Familiar     Summ           0%         N/A       83%         3
 Summon Guardian Golem    Hex/Summ       0%         N/A       83%         3


Dungeon Overview and Level Annotations

Branches:
Dungeon (3/15)

Altars:

Annotations:
D:3 Sigmund, Terence


Innate Abilities, Weirdness & Mutations

You have a somewhat thin skeletal structure. (Dex +2, Stealth+)
Your demonic aura sometimes causes spilled blood to erupt in flames.
Your touch may inflict minor irresistible damage on your foes.


Message History

Sigmund misses you. The rat bites you but does no damage.
What are your orders? t - Shout!
Anything else - Cancel.
Okay, then.
You're too confused to move!
The bat barely misses you. The ball python barely misses you.
The ball python grabs you. The ball python constricts you.
The bat hits you but does no damage. Terence hits you with a +0 flail.
The rat barely misses you.
You are too confused!
You barely miss the ball python. The bat hits you.
* * * LOW HITPOINT WARNING * * *
The ball python bites you.
* * * LOW HITPOINT WARNING * * *
The ball python constricts you. Sigmund barely misses you.
Terence hits you with a +0 flail.
* * * LOW HITPOINT WARNING * * *
The goblin hits you with a +0 dagger.
* * * LOW HITPOINT WARNING * * *
The rat bites you but does no damage.
You escape the ball python's grasp.
The rat attacks as you move away! The rat barely misses you.
An adder comes into view.
The bat hits you but does no damage. Sigmund completely misses you.
A kobold comes into view. It is wielding a +0 dagger.
Terence barely misses you.
The adder moves out of view.
Unknown command.
Terence attacks as you move away! Terence closely misses you.
You feel less confused. The bat hits you but does no damage.
The orc hits you with a +0 flail.
* * * LOW HITPOINT WARNING * * *
The orc attacks as you move away! The orc hits you with a +0 flail!
* * * LOW HITPOINT WARNING * * *
The kobold shouts!
You hear an angry hiss.
Terence closely misses you.
There is a stone staircase leading up here.
Unknown command.
The bat hits you but does no damage. The bat hits you.
* * * LOW HITPOINT WARNING * * *
Sigmund barely misses you. Terence hits you with a +0 flail!
You die...

# #. ###... ###.
#.##....###
#...##.#...K...#
#...:.........
#...#.......# #
#...#......# .# ..
###........$.#.#....
......#S@.g.?....#
.......@○ro..#.#...S
.......bo@o....# .#
.....##........#
.............#...
... .........###...
........##..## .#. .
.....###.## . .....
...


You could see Sigmund, Terence, an orc priest, 2 orcs, a goblin, a bat, a ball
python, a kobold and a rat.

Vanquished Creatures
  A hound skeleton (D:2)
  An adder (D:2)
  3 adder skeletons (D:2)
  A worm (D:2)
  2 dart slugs (D:1)
  An orc (D:2)
  A bat zombie (D:2)
  5 endoplasms
  2 giant cockroaches
  6 goblins
  4 hobgoblins
  5 kobolds
  A quokka (D:2)
  5 ball pythons
  3 bats
  4 frilled lizards
  A giant cockroach zombie (D:2)
  A quokka skeleton (D:2)
  A quokka zombie (D:2)
  4 rats
52 creatures vanquished.

Vanquished Creatures (others)
  2 withered plants (D:2)
2 creatures vanquished.

Grand Total: 54 creatures vanquished

Notes
Turn   | Place    | Note
-------+----------+-------------------------------------------
     0 | D:1      | theswoord the Demonspawn Gladiator began the quest for the
                  | Orb.
     0 | D:1      | Reached XP level 1. HP: 16/16 MP: 1/1
    45 | D:1      | Reached skill level 3 in Staves
   103 | D:1      | Gained mutation: You have a somewhat thin skeletal
                  | structure. (Dex +2, Stealth+) [demonic ancestry]
   103 | D:1      | Reached XP level 2. HP: 22/22 MP: 2/2
   123 | D:1      | Found a faded altar of an unknown god.
   583 | D:1      | Gained mutation: Your demonic aura sometimes causes spilled
                  | blood to erupt in flames. [demonic ancestry]
   583 | D:1      | Reached XP level 3. HP: 17/27 MP: 3/3
  1060 | D:2      | Reached skill level 4 in Staves
  1347 | D:2      | Gained mutation: Your touch may inflict minor irresistible
                  | damage on your foes. [demonic ancestry]
  1347 | D:2      | Reached XP level 4. HP: 33/33 MP: 4/4
  1608 | D:3      | Noticed Sigmund
  1610 | D:3      | Noticed Terence
  1625 | D:3      | HP: 1/33 [bat (1)]
  1625 | D:3      | Mangled by Terence

Skill      XL: |  1  2  3 |
---------------+----------+-----
Staves         | 3 4 |  4.7
Fighting       | |  2.0
Throwing       | |  1.7
Dodging        | |  2.6

Action                     |  1- 3 |  4- 6 || total
---------------------------+-------+-------++-------
  Melee: Quarterstaff      |   102 |    42 ||   144
  Throw: Throwing net      |       |     1 ||     1
    Use: Scroll            |     4 |       ||     4
   Stab: Sleeping          |     2 |     4 ||     6
         Distracted        |     1 |       ||     1
 Armour: Leather armour    |    30 |    24 ||    54
  Dodge: Dodged            |    59 |    48 ||   107

Levels and vault maps discovered:
D:1:      minmay_arrival_solitary_statue, layout_basic,
          shapermc_ecumenical_altar_gd
D:2:      minmay_diamond_boxcup, layout_rooms, serial_undead, serial_undead_a,
          serial_undead_f, serial_undead_b, serial_undead_d,
          grunt_decor_resistance
D:3:      layout_rooms, minmay_surrounded, uniq_sigmund,
          uniq_crazy_yiuf_cottage, uniq_natasha, uniq_terence
